 Dungeon Crawl Stone Soup version 0.31-a0-836-g3ceb0a68c4 (webtiles) character file.

Game seed: 10122532769865302894

355 Kurtz the Chopper (level 6, -1/43 HPs)
             Began as an Octopode Fighter on Sept 27, 2023.
             Slain by an ice beast (14 damage)
             ... on level 4 of the Dungeon.
             The game lasted 00:01:42 (2854 turns).

Kurtz the Chopper (Octopode Fighter)                Turns: 2854, Time: 00:01:43

Health: -1/43      AC:  1    Str: 17    XL:     6   Next: 63%
Magic:  6/6        EV: 18    Int: 10    God:
Gold:   215        SH:  4    Dex: 12    Spells: 5/5 levels left

rFire   + . .        a - +0 war axe
rCold   . . .        b - +0 buckler
rNeg    + . .        (helmet restricted)
rPois   .            (no amulet)
rElec   .            p - ring of willpower
rCorr   .            n - ring of positive energy
SInv    .            l - +5 ring of evasion
Will    +....        j - ring of protection from fire
Stlth   ++           (no ring)
HPRegen 0.27/turn    (no ring)
MPRegen 0.10/turn    (no ring)
                     (no ring)

%: no passive effects
@: mighty
A: almost no armour, amphibious, 8 rings, camouflage 1, gelatinous body 1,
(nimble swimmer 1), tentacles
a: no special abilities


You were on level 4 of the Dungeon.
You visited 1 branch of the dungeon, and saw 4 of its levels.

You collected 215 gold pieces.

Inventory:

Hand Weapons
 a - a +0 war axe (weapon)
Armour
 b - a +0 buckler (worn)
 f - an orb of wrath
Jewellery
 j - a ring of protection from fire (on tentacle)
 l - a +5 ring of evasion (on tentacle)
 n - a ring of positive energy (right tentacle)
 p - a ring of willpower (left tentacle)
 v - a ring of see invisible
 y - a ring of poison resistance
Wands
 s - a wand of flame (19)
 w - a wand of digging (1)
Scrolls
 d - 4 scrolls of teleportation {unknown}
 k - a scroll of revelation {unknown}
 o - 2 scrolls of enchant armour {unknown}
 q - 3 scrolls of identify {unknown}
 r - a scroll of silence {unknown}
 x - a scroll of immolation {unknown}
Potions
 c - a potion of might
 e - a potion of curing {unknown}
 g - a potion of haste {unknown}
 h - a potion of invisibility {unknown}
 i - a potion of magic {unknown}
 m - a potion of heal wounds {unknown}
 t - 2 potions of degeneration {unknown}
 u - a potion of berserk rage {unknown}


   Skills:
 + Level 4.2 Fighting
 * Level 6.1 Axes
 - Level 3.0 Dodging
 - Level 3.0 Shields


You had 5 spell levels left.
You didn't know any spells.
Your spell library contained the following spells:

 Spells                   Type           Power      Damage    Failure   Level
 Lesser Beckoning         Tloc           0%         N/A       58%         2
 Gell's Gravitas          Tloc           0%         N/A       82%         3
 Teleport Other           Tloc           0%         N/A       82%         3


Dungeon Overview and Level Annotations

Branches:
Dungeon (4/15)
 Temple: D:4-7

Altars:
Trog


Innate Abilities, Weirdness & Mutations

You cannot wear most types of armour.
You are amphibious.
You can wear up to eight rings at the same time.
Your skin changes colour to match your surroundings (Stealth+).
Your rubbery body absorbs attacks. (AC +1, EV +1)
((You are camouflaged when in or above water. (Stealth+)))
You have tentacles for arms and can constrict up to eight enemies at once.


Message History

Found a bloodstained altar of Trog.
No target in view!
No target in view!
Flames erupt from the bowels of the wizard!
Trog roars with satisfaction!
No reachable target in view!
The wizard is engulfed in blazing flames.
The wizard is engulfed in blazing flames.
The wizard is engulfed in blazing flames.
There is a bloodstained altar of Trog here.
You see here a hobgoblin corpse.
A goblin comes into view. It is wielding a +0 dagger.
A goblin is nearby!
A goblin is nearby!
You slash the goblin!
You kill the goblin!
y - a ring of poison resistance You see here a +0 dagger.
No target in view!
Found a stone staircase leading down.
No target in view!
A jelly and an ice beast come into view.
Found a stone staircase leading up.
There are monsters nearby!
The jelly quivers.
There are monsters nearby!
You barely miss the ice beast. The ice beast barely misses you.
There are monsters nearby!
You hit the ice beast. Your squeeze misses the ice beast.
The ice beast is lightly wounded.
The ice beast hits you. The ice beast freezes you!
The jelly hits you but does no damage. The ice beast hits you.
The ice beast freezes you.
Unknown command.
You feel very mighty all of a sudden. The jelly hits you but does no damage.
The ice beast closely misses you.
Unknown command.
You slash the jelly!
Your tentacles burn!
You squeeze the jelly.
You kill the jelly!
You hit the ice beast. The ice beast hits you. The ice beast freezes you!
You die...

##### ##..# ##.# #.#
####.#########
##.....##.....##
##..............##
####................#
###...................#
..).##..........@.....#
######..........Y.....#
#................#
#.>..............#
##...........<..##
##.....##.....##
#############


You could see an ice beast.

Vanquished Creatures
  A black bear (D:3)
  A jelly (D:4)
  Jessica (D:3)
  An orc wizard (D:4)
  Natasha (thrice) (D:2)
  3 adders
  A worm (D:2)
  3 dart slugs
  7 orcs
  8 ball pythons
  8 bats
  8 endoplasms
  11 goblins
  11 hobgoblins
  11 jackals
  4 kobolds
  4 quokkas
  2 frilled lizards
  8 rats
96 creatures vanquished.

Vanquished Creatures (others)
  A wizard (D:4)
1 creature vanquished.

Grand Total: 97 creatures vanquished

Notes
Turn   | Place    | Note
-------+----------+-------------------------------------------
     0 | D:1      | Kurtz the Octopode Fighter began the quest for the Orb.
     0 | D:1      | Reached XP level 1. HP: 16/16 MP: 1/1
    38 | D:1      | Reached XP level 2. HP: 20/21 MP: 2/2
   460 | D:1      | Reached XP level 3. HP: 26/26 MP: 3/3
   496 | D:1      | Reached skill level 3 in Axes
   832 | D:2      | Noticed Natasha
   840 | D:2      | Killed Natasha
   841 | D:2      | Reached XP level 4. HP: 22/33 MP: 4/4
   845 | D:2      | Noticed Natasha
   852 | D:2      | Killed Natasha
   853 | D:2      | Reached skill level 4 in Axes
  1083 | D:2      | Reached XP level 5. HP: 34/37 MP: 5/5
  1128 | D:2      | Noticed Natasha
  1133 | D:2      | Killed Natasha
  1666 | D:3      | Noticed Jessica
  1669 | D:3      | Killed Jessica
  1670 | D:3      | Reached skill level 5 in Axes
  1685 | D:3      | Noticed a black bear
  1690 | D:3      | Killed a black bear
  1691 | D:3      | Reached XP level 6. HP: 36/43 MP: 6/6
  2521 | D:4      | Reached skill level 6 in Axes
  2777 | D:4      | Found a bloodstained altar of Trog.
  2778 | D:4      | Noticed a wizard
  2784 | D:4      | Killed a wizard
  2847 | D:4      | Noticed an ice beast
  2854 | D:4      | Slain by an ice beast

Illustrated notes

Levels and vault maps discovered:
D:1:      lightli_arrival_quake, layout_basic, minmay_indecisive_spiral
D:2:      layout_basic, uniq_natasha
D:3:      minmay_razor_zed, layout_basic, uniq_jessica
D:4:      layout_rooms, trog_wizard, corexii_checkpoint_a

Skill      XL: |  1  2  3  4  5  6 |
---------------+-------------------+-----
Axes           | 3 4 5 6 |  6.1
Fighting       | 4 |  4.2
Dodging        | |  3.0
Shields        | |  3.0

Action                     |  1- 3 |  4- 6 || total
---------------------------+-------+-------++-------
  Melee: War axe           |    63 |   103 ||   166
         Constrict         |    14 |    22 ||    36
         Tentacles         |    10 |    17 ||    27
         Punch             |     2 |     3 ||     5
    Use: Potion            |       |     1 ||     1
   Stab: Sleeping          |     1 |     6 ||     7
         Distracted        |       |     1 ||     1
 Armour: Skin              |    25 |    40 ||    65
  Dodge: Dodged            |    43 |    57 ||   100
  Block: Buckler           |    22 |    20 ||    42

Table legend: (Time is in decaauts)
 A = Elapsed time spent in this place.
 B = Non-inter-level travel time spent in this place.
 C = Inter-level travel time spent in this place.
 D = Time resting spent in this place.
 E = Time spent auto-exploring this place.
 F = Levels seen in this place.
 G = Mean time per level.
                   A        B        C        D        E       F      G
               +--------+--------+--------+--------+--------+-----+--------+
         Total |   2904 |   2816 |     88 |    192 |   2102 |   4 |  726.0 |
       Dungeon |   2904 |   2816 |     88 |    192 |   2102 |   4 |  726.0 |
               +--------+--------+--------+--------+--------+-----+--------+

Top non-repeatable levels by time:
     D:3: 1180 daAuts
     D:1: 747 daAuts
     D:2: 604 daAuts
     D:4: 371 daAuts
